 Dungeon Crawl Stone Soup version 0.32-a0-576-g706899e69d (webtiles) character file.

Game seed: 1771148423299124304

279 cforsyth the Grave Robber (level 6, -1/53 HPs)
             Began as a Mountain Dwarf Necromancer on Mar 1, 2024.
             Slain by Pargi (8 damage)
             ... in a sewer.
             The game lasted 00:03:13 (2194 turns).

cforsyth the Grave Robber (MDNe)                    Turns: 2194, Time: 00:03:14

Health: -1/53      AC:  3    Str:  9 (10) XL:     6   Next: 5%
Magic:  17/17      EV: 11    Int: 17 (18) God:
Gold:   88         SH:  0    Dex:  9 (10) Spells: 7/8 levels left

rFire   . . .        o - +3 scythe (vamp)
rCold   . . .        (shield currently unavailable)
rNeg    . . .        a - +0 robe
rPois   .            (no helmet)
rElec   .            (no cloak)
rCorr   .            p - +0 pair of gloves
SInv    .            (no boots)
Will    .....        (no amulet)
Stlth   +            M - ring of magical power
HPRegen 0.28/turn    Z - ring of wizardry
MPRegen 0.15/turn

%: wizardry (x1)
@: no status effects
A: runic magic, artefact enchanting
a: no special abilities


You were in a sewer.
You visited 1 branch of the dungeon, and saw 3 of its levels.
You also visited: Sewer.

You collected 88 gold pieces.


Innate Abilities, Weirdness & Mutations

Your spellcasting is much less encumbered by armour.
You can use scrolls of enchantment on lesser artefacts.


   Skills:
 + Level 4.4 Fighting
 - Level 1.3 Dodging
 - Level 1.4 Stealth
 - Level 1.7 Spellcasting
 + Level 6.5 Necromancy


You had 7 spell levels left.
You knew the following spells:

 Your Spells              Type           Power      Damage    Failure   Level
X - Necrotise             Necr           92%        1d8       1%          1

Your spell library contained the following spells:

 Spells                   Type           Power      Damage    Failure   Level
 Vampiric Draining        Necr           23%        2d7       1%          3
 Animate Dead             Necr           23%        N/A       6%          4
 Curse of Agony           Necr           23%        N/A       16%         5

Inventory:

Hand Weapons
 o - a +3 vampiric scythe (weapon)
Armour
 a - a +0 robe (worn)
 p - a +0 pair of gloves (worn)
Jewellery
 M - a ring of magical power (left hand)
 Z - a ring of wizardry (right hand)
Wands
 n - a wand of flame (10)
Scrolls
 c - a scroll of teleportation {unknown}
 d - a scroll of blinking {unknown}
 e - a scroll of enchant armour {unknown}
 f - 8 scrolls of identify {unknown}
 h - a scroll of poison {unknown}
 i - 2 scrolls of vulnerability {unknown}
 k - 2 scrolls of fog {unknown}
 l - a scroll of amnesia {unknown}
Potions
 b - a potion of magic
 g - a potion of cancellation {unknown}
 j - 2 potions of curing {@q1}
 m - a potion of ambrosia {unknown}
 r - a potion of heal wounds {unknown}

Dungeon Overview and Level Annotations

Branches:
Dungeon (3/15)              Sewer (1/1)

Altars:

Annotations:
Sewer Pargi

▒▒▒▒▒▒▒▒▒▒▒▒
▒.▒▒.▒▒.▒▒∩▒
▒.▒▒†▒▒.▒▒.▒ .
▒'▒▒'▒▒†▒▒.▒▒+▒▒'▒
▒▒▒▒▒▒▒.................
~~~~~~.~~~~~~~~~.~~~~~~~
≈≈≈≈≈≈.≈≈≈≈≈≈≈≈≈∩≈≈≈≈≈≈≈
~~~~~~.~~~~~~~~~.~~~~~~~
▒▒▒▒▒▒▒.........@.......
▒'▒▒'▒▒'▒▒T▒▒+▒▒+▒
▒)†..▒▒)▒▒.▒
▒.▒▒.▒▒.▒▒.▒
▒▒▒▒▒▒▒▒▒▒▒▒


You could see Pargi.


Message History

You hit Pargi but do no damage.
Pargi is moderately wounded.
Pargi bites you! Pargi closely misses you. Pargi claws you.
Pargi hisses, "I bite!"
Pargi barely misses you. Pargi claws you but does no damage. Pargi claws you.
You closely miss Pargi.
Pargi is lightly wounded.
Pargi pleads, "Don't hit me!"
Pargi bites you!
* * * LOW HITPOINT WARNING * * *
Pargi claws you.
* * * LOW HITPOINT WARNING * * *
Pargi claws you.
* * * LOW HITPOINT WARNING * * *
You closely miss Pargi.
Pargi is lightly wounded.
Pargi bites you.
* * * LOW HITPOINT WARNING * * *
Pargi closely misses you. Pargi claws you but does no damage. Pargi bites you.
* * * LOW HITPOINT WARNING * * *
Pargi claws you.
* * * LOW HITPOINT WARNING * * *
Pargi claws you.
* * * LOW HITPOINT WARNING * * *
Unknown command.
It was a potion of degeneration.
There was something very wrong with that liquid.
You feel weakened.
You feel dopey.
You feel clumsy. Pargi bites you!
You die...

Skill      XL: |  1  2  3  4 |
---------------+-------------+-----
Fighting       | 1 2 4 |  4.4
Necromancy     | 5 6 |  6.5
Dodging        | |  1.3
Stealth        | |  1.4
Spellcasting   | |  1.7

Action                     |  1- 3 |  4- 6 || total
---------------------------+-------+-------++-------
  Melee: Unarmed           |    29 |       ||    29
         Halberd           |       |    57 ||    57
   Cast: Necrotise         |    59 |    13 ||    72
    Use: Potion            |       |     2 ||     2
   Stab: Distracted        |     1 |       ||     1
         Sleeping          |       |     4 ||     4
 Armour: Robe              |    26 |    47 ||    73
  Dodge: Dodged            |    28 |    49 ||    77

Levels and vault maps discovered:
D:1:      psy_arrival_whirlpool, layout_basic, corexii_leaking_fountain,
          minmay_misc_feat_pillars, minivault_11
D:2:      layout_basic, uniq_sigmund
D:3:      layout_loops_ring, cheibrodos_sewer_entry_sluice, nrook_loot_triangle
Sewer:    kennysheep_door_sewer

Notes
Turn   | Place    | Note
-------+----------+-------------------------------------------
     0 | D:1      | cforsyth the Mountain Dwarf Necromancer began the quest for
                  | the Orb.
     0 | D:1      | Reached XP level 1. HP: 14/14 MP: 3/3
   117 | D:1      | Reached skill level 1 in Fighting
   168 | D:1      | Reached XP level 2. HP: 23/23 MP: 2/4
   926 | D:2      | Reached skill level 2 in Fighting
   926 | D:2      | Reached skill level 5 in Necromancy
   926 | D:2      | Reached XP level 3. HP: 29/29 MP: 0/5
  1593 | D:2      | Reached XP level 4. HP: 37/37 MP: 6/6
  1677 | D:2      | Noticed Sigmund
  1690 | D:2      | Killed Sigmund
  1691 | D:2      | Reached skill level 4 in Fighting
  1691 | D:2      | Reached skill level 6 in Necromancy
  1691 | D:2      | Reached XP level 5. HP: 26/47 MP: 6/7
  2021 | D:3      | Found a glowing drain.
  2086 | Sewer    | Entered a sewer
  2094 | Sewer    | Reached XP level 6. HP: 46/53 MP: 8/8
  2184 | Sewer    | Noticed Pargi
  2194 | Sewer    | Slain by Pargi

Vanquished Creatures
  Sigmund (D:2)
  An iguana (D:2)
  2 adders
  A river rat (D:3)
  3 ribbon worms
  2 dart slugs
  An orc (D:3)
  6 ball pythons
  4 bats
  An endoplasm (D:2)
  2 giant cockroaches
  3 goblins
  A hobgoblin (D:1)
  4 jackals (D:1)
  3 kobolds
  2 frilled lizards
  2 rats
39 creatures vanquished.

Vanquished Creatures (collateral kills)
  An endoplasm (D:1)
  2 jackals (D:1)
3 creatures vanquished.

Grand Total: 42 creatures vanquished

Table legend: (Time is in decaauts)
 A = Elapsed time spent in this place.
 B = Non-inter-level travel time spent in this place.
 C = Inter-level travel time spent in this place.
 D = Time resting spent in this place.
 E = Time spent auto-exploring this place.
 F = Levels seen in this place.
 G = Mean time per level.
                   A        B        C        D        E       F      G
               +--------+--------+--------+--------+--------+-----+--------+
         Total |   2225 |   2170 |     55 |      0 |   1767 |   4 |  556.2 |
       Dungeon |   2104 |   2049 |     55 |      0 |   1694 |   3 |  701.3 |
         Sewer |    120 |    120 |      0 |      0 |     72 |   1 |  120.0 |
               +--------+--------+--------+--------+--------+-----+--------+

Top non-repeatable levels by time:
     D:2: 976 daAuts
     D:1: 920 daAuts
     D:3: 207 daAuts
   Sewer: 120 daAuts

Table legend:
 A = Non-vault XP
 B = Vault XP
 C = Vault XP percentage of total XP
 D = Non-vault monster count
 E = Vault monster count
 F = Vault count percentage of total count
                 A         B        C        D         E       F
            +---------+---------+-------+---------+---------+-------
      Total |     111 |     288 |  72.2 |      33 |       9 |  21.4
            +---------+---------+-------+---------+---------+-------
        D:1 |      38 |       0 |   0.0 |      20 |       0 |   0.0
        D:2 |      67 |     247 |  78.7 |      10 |       1 |   9.1
        D:3 |       6 |      21 |  77.8 |       3 |       3 |  50.0
      Sewer |       0 |      20 | 100.0 |       0 |       5 | 100.0
            +---------+---------+-------+---------+---------+-------
